 Dungeon Crawl Stone Soup version 0.26.0-10-g1f06aea511 (webtiles) character file.

Game seed: 4841110522437857996

17705 Borgoz the Carver (level 12, -7/105 HPs)
             Began as a Ghoul Gladiator on Feb 1, 2021.
             Was a Priest of Ashenzari.
             Mangled by a death knight
             ... wielding a +1 battleaxe
              (15 damage)
             ... on level 11 of the Dungeon.
             The game lasted 00:18:03 (10894 turns).

Borgoz the Carver (Ghoul Gladiator)                Turns: 10894, Time: 00:18:04

Health: -7/105     AC: 15    Str: 19    XL:     12   Next: 50%
Magic:  11/11      EV: 12    Int:  3    God:    Ashenzari [***...]
Gold:   733        SH:  0    Dex: 14    Spells: 11/11 levels left

rFire    + . .     SeeInvis +   a - +3 great sword (curse)
rCold    + + .     Faith    .   (shield currently unavailable)
rNeg     + + +     Spirit   .   p - +0 chain mail {Will+}
rPois    ∞         Reflect  .   c - +1 helmet
rElec    .         Harm     .   o - scarf {rC+ rF+} (curse)
rCorr    .         Rampage  .   B - +0 pair of gloves
Will     +....                  (no boots)
Stlth    ..........             t - amulet of regeneration
HPRegen  0.00/turn              g - ring of see invisible
MPRegen  0.12/turn              q - +4 ring of slaying

@: slowed, very slow
A: claws 1, cold resistance 1, negative energy resistance 3, inhibited
regeneration, torment resistance, unbreathing
a: Renounce Religion, Curse Item, Scrying


You were on level 11 of the Dungeon.
You worshipped Ashenzari.
Ashenzari was most pleased with you.
You visited 2 branches of the dungeon, and saw 13 of its levels.

You collected 772 gold pieces.
You spent 39 gold pieces at shops.

Inventory:

Hand Weapons
 a - a cursed +3 great sword (weapon)
Armour
 c - a +1 helmet (worn)
 o - a cursed scarf of resistance (worn)
 p - a +0 chain mail of willpower (worn)
 B - a +0 pair of gloves (worn)
Jewellery
 g - a ring of see invisible (left hand)
 q - a +4 ring of slaying (right hand)
 s - an uncursed ring of protection from cold
 t - an amulet of regeneration (around neck)
Wands
 m - a wand of digging (6)
 v - a wand of iceblast (24)
Scrolls
 f - 2 scrolls of fog
 j - 9 scrolls of teleportation
 l - 4 scrolls of remove curse
 w - a scroll of identify
Potions
 b - a potion of mutation {unknown}
 d - 2 potions of ambrosia
 e - a potion of cancellation
 h - 2 potions of degeneration {unknown}
 i - 3 potions of flight
 k - a potion of haste
 r - 2 potions of resistance
 u - a potion of brilliance {unknown}
 A - 2 potions of curing


   Skills:
 * Level 9.6 Fighting
 * Level 11.1(14.6) Long Blades
 - Level 1.7 Throwing
 * Level 9.1 Armour
 * Level 9.6 Dodging
 + Level 1.3 Evocations


You had 11 spell levels left.
You didn't know any spells.
Your spell library contained the following spells:

 Spells                   Type           Power        Failure   Level
 Foxfire                  Conj/Fire      0%           99%         1
 Conjure Flame            Conj/Fire      0%           100%        3
 Inner Flame              Hex/Fire       0%           100%        3
 Sticky Flame             Conj/Fire      0%           100%        4
 Fireball                 Conj/Fire      0%           100%        5


Dungeon Overview and Level Annotations

Branches:
Dungeon (12/15)            Temple (1/1) D:4            Lair (0/6) D:8
    Orc (0/2) D:11

Altars:
Ashenzari
Cheibriados
Dithmenos
Elyvilon
Fedhas
Gozag
Hepliaklqana
Kikubaaqudgha
Makhleb
Nemelex Xobeh
Okawaru
Qazlal
Ru
Sif Muna
Trog
Uskayaw
Vehumet
Wu Jian
Xom
Yredelemnul
Zin
The Shining One

Shops:
D:5 ?=?[   D:9 }   D:10 (


Innate Abilities, Weirdness & Mutations

You thrive by killing the living.
You are immune to poison.
You have sharp fingernails.
Your flesh is cold resistant. (rC+)
You are immune to negative energy. (rN+++)
You do not regenerate when monsters are visible.
You are immune to unholy pain and torment.
You can survive without breathing.


Message History

You slice the wight!!
You destroy the wight!
A bullfrog comes into view.
An orc comes into view.
The orc shouts!
The bullfrog croaks.
You hear a shout!
Found a stone staircase leading up.
The death knight barely misses you.
There is a stone staircase leading up here.
The death knight's dark mirror aura disappears.
The orc misses you.
The death knight hits you with a +1 battleaxe!
* * * LOW HITPOINT WARNING * * *
You climb upwards.
There is a stone staircase leading down here.
Okay, then.
As you read the scroll of fear, it crumbles to dust.
You assume a fearsome visage.
The death knight easily resists.
The orc looks frightened!
The death knight hits you with a +1 battleaxe!
You die...

# #.# #..##..# #
###.#######.##..#
###............^..#
).#.#########..#.##
##!.# ##.#.# .####
#...# .# ##### ##..#
.# #...# ##.p# .#
#...# #o.@# .## #^..#
#.### ..######...#
#.# ####...'...# #.#
.# #.###?..###.######
## #.# #...#........#
.###.# #...#........#
###..####'##........#
# ####....##..(.....#


You could see a death knight and an orc (fleeing).

Vanquished Creatures
  Josephine (D:12)
  A boulder beetle (D:12)
  4 two-headed ogres
  Nergalle (D:10)
  An unseen horror (D:12)
  A wolf spider zombie (D:10)
  An ugly thing (D:11)
  2 deep elf magi (D:9)
  A gargoyle (D:11)
  2 trolls
  Sigmund (D:2)
  6 wraiths (D:12)
  13 yaks (D:10)
  3 wyverns
  Edmund (D:3)
  2 wargs (D:11)
  3 water moccasins (D:8)
  Duvessa (D:7)
  2 sky beasts
  3 black bears
  3 orc warriors
  4 ice beasts
  2 phantoms
  3 necrophages
  5 ogres
  4 wolves (D:8)
  5 centaurs
  3 big kobolds (D:10)
  8 bullfrogs
  5 scorpions
  Dowan (D:7)
  10 killer bees
  5 wights
  4 howler monkeys
  A bullfrog zombie (D:9)
  2 jellies
  3 quasits
  A centaur zombie (D:7)
  6 orc priests
  A centaur skeleton (D:8)
  6 hounds
  A gnoll shaman (D:5)
  8 orc wizards
  2 bullfrog skeletons
  6 iguanas
  11 worker ants
  A hell rat (D:5)
  A mummy (D:7)
  3 gnolls (D:5)
  6 river rats (D:5)
  12 adders
  A shadow imp (D:5)
  2 white imps
  An ufetubus (D:10)
  2 adder skeletons
  An adder zombie (D:6)
  3 worms
  2 dart slugs
  5 leopard geckos
  30 orcs
  A giant cockroach (D:2)
  6 hobgoblins
  4 jackals (D:2)
  24 kobolds
  3 quokkas
  10 bats
  6 frilled lizards
  11 goblins
  3 jackal skeletons
  A quokka skeleton (D:5)
  19 rats
318 creatures vanquished.

Vanquished Creatures (others)
  An orc wizard (D:11)
  12 plants (D:8)
13 creatures vanquished.

Grand Total: 331 creatures vanquished

Notes
Turn   | Place    | Note
-------+----------+-------------------------------------------
     0 | D:1      | Borgoz the Ghoul Gladiator began the quest for the Orb.
     0 | D:1      | Reached XP level 1. HP: 17/17 MP: 0/0
   421 | D:1      | Reached XP level 2. HP: 16/25 MP: 1/1
   609 | D:1      | Reached skill level 3 in Long Blades
   865 | D:1      | Reached XP level 3. HP: 29/30 MP: 2/2
  1261 | D:2      | Reached skill level 1 in Armour
  1341 | D:2      | Noticed Sigmund
  1355 | D:3      | Reached XP level 4. HP: 21/37 MP: 3/3
  1572 | D:2      | Killed Sigmund
  1573 | D:2      | Reached skill level 4 in Long Blades
  1573 | D:2      | Reached XP level 5. HP: 43/45 MP: 4/4
  1573 | D:2      | Reached XP level 6. HP: 49/51 MP: 5/5
  2429 | D:4      | Noticed Edmund
  2457 | D:3      | Killed Edmund
  2706 | D:4      | Reached XP level 7. HP: 56/58 MP: 6/6
  2869 | D:4      | Reached skill level 5 in Long Blades
  3164 | D:4      | Found a staircase to the Ecumenical Temple.
  3236 | Temple   | Entered the Ecumenical Temple
  3494 | Temple   | Became a worshipper of Ashenzari the Shackled
  3679 | D:5      | Entered Level 5 of the Dungeon
  3679 | D:5      | Found a glowing golden altar of the Shining One.
  3697 | D:5      | Found Obeahiwn's Magic Scroll Shop.
  3802 | D:5      | Found the +2 ratskin cloak {*Rats rPois rN+ Str-1 Int-1
                  | Dex+1}
  3845 | D:5      | HP: 2/60 [river rat (4)]
  4145 | D:5      | Found Rygh's Armour Boutique.
  4287 | D:5      | Found Zamulue's Jewellery Boutique.
  4394 | D:5      | Found Geqe's Magic Scroll Shoppe.
  4402 | D:5      | Bought a scroll of teleportation for 39 gold pieces
  4461 | D:5      | Reached XP level 8. HP: 24/67 MP: 7/7
  4716 | D:6      | Reached skill level 6 in Long Blades
  4728 | D:6      | Reached skill level 5 in Fighting
  5319 | D:6      | Reached skill level 5 in Dodging
  5423 | D:6      | Reached * piety under Ashenzari
  6003 | D:7      | Reached skill level 7 in Long Blades
  6003 | D:7      | Reached XP level 9. HP: 44/75 MP: 8/8
  6670 | D:7      | Noticed Dowan
  6675 | D:7      | Noticed Duvessa
  6677 | D:7      | Killed Dowan
  6689 | D:7      | Killed Duvessa
  6912 | D:8      | Reached skill level 5 in Armour
  7062 | D:8      | Found a staircase to the Lair.
  7091 | D:8      | Reached skill level 8 in Long Blades
  7153 | D:8      | Reached XP level 10. HP: 44/86 MP: 9/9
  7339 | D:8      | Reached ** piety under Ashenzari
  7668 | D:8      | Noticed a two-headed ogre
  7682 | D:8      | Killed a two-headed ogre
  7683 | D:8      | Reached skill level 9 in Long Blades
  8142 | D:9      | Found Ufoikun's Gadget Shoppe.
  8345 | D:9      | Found an opulent altar of Gozag.
  8345 | D:9      | Noticed a deep elf mage
  8345 | D:9      | Noticed a deep elf mage
  8357 | D:9      | Killed a deep elf mage
  8367 | D:9      | Killed a deep elf mage
  8711 | D:10     | Entered Level 10 of the Dungeon
  8717 | D:10     | Reached XP level 11. HP: 93/94 MP: 10/10
  8890 | D:10     | Reached *** piety under Ashenzari
  9013 | D:10     | Reached skill level 10 in Long Blades
  9033 | D:10     | Noticed a two-headed ogre
  9039 | D:10     | Killed a two-headed ogre
  9349 | D:10     | Noticed Nergalle
  9373 | D:10     | Killed Nergalle
  9463 | D:10     | Noticed a two-headed ogre
  9471 | D:10     | Killed a two-headed ogre
  9537 | D:10     | Found Tyofun's Weapon Emporium.
  9567 | D:10     | Noticed a two-headed ogre
  9572 | D:10     | Killed a two-headed ogre
  9902 | D:11     | Reached XP level 12. HP: 96/104 MP: 11/11
  9908 | D:11     | Found a staircase to the Orcish Mines.
 10758 | D:12     | Noticed Josephine
 10771 | D:12     | Killed Josephine
 10772 | D:12     | Reached skill level 11 in Long Blades
 10776 | D:12     | Reached skill level 1 in Evocations
 10862 | D:12     | Noticed a boulder beetle
 10879 | D:12     | Killed a boulder beetle
 10886 | D:12     | Noticed a death knight
 10894 | D:11     | Mangled by a death knight

Illustrated notes

Levels and vault maps discovered:
D:1:      lightli_arrival_statue_moat, layout_loops_ring
D:2:      layout_basic, uniq_sigmund
D:3:      layout_rooms
D:4:      layout_rooms, minmay_temple_entry_drinking_statues, uniq_edmund
D:5:      wander_guarded_unrand_ratskin, layout_gridville,
          overflow_temple_1_default, serial_shops, shop, nicolae_shop_crystal,
          nicolae_shop_waterfront, shop_fountains
D:6:      layout_basic, hangedman_decor_opposing
D:7:      layout_loops_corners, serial_undead, serial_undead_f, serial_undead_b,
          serial_undead_e, serial_undead_e, uniq_duvessa
D:8:      layout_rooms, minmay_lair_entry_grove, minmay_small_thing
D:9:      layout_basic, serial_shops, shop, hex_large, david_defended_altar_elf
D:10:     layout_basic, serial_shops, nicolae_shop_stone, uniq_nergalle
D:11:     layout_basic, erik_orc_3
D:12:     lemuel_castle_with_subvaults [lemuel_castle_interior_carwin_3],
          layout_irregular_city, grunt_ministairs_2, uniq_josephine,
          uniq_fannar, uniq_frances, uniq_urug
Temple:   nicolae_temple_the_god_donut

Skill      XL: |  1  2  3  4  5  6  7  8  9 10 11 12 |
---------------+-------------------------------------+-----
Long Blades    | 3 4 5 7 8 9 10 11 | 11.1
Armour         | 1 2 3 4 5 7 8 9 |  9.1
Dodging        | 3 4 5 6 7 9 |  9.6
Fighting       | 3 4 5 7 8 9 |  9.6
Evocations     | 1 |  1.3
Throwing       | |  1.7

Action                   |  1- 3 |  4- 6 |  7- 9 | 10-12 || total
-------------------------+-------+-------+-------+-------++-------
Melee: Long sword        |    81 |   119 |   452 |    59 ||   711
       Great sword       |       |       |       |   425 ||   425
Throw: Throwing net      |     1 |     4 |     4 |     1 ||    10
Invok: Curse Item        |       |       |       |     2 ||     2
Evoke: Wand              |       |       |     2 |       ||     2
  Use: Scroll            |     4 |     4 |     2 |    13 ||    23
       Potion            |       |     1 |     9 |       ||    10
 Stab: Held in net/web   |     1 |     1 |       |     1 ||     3
Armor: Leather armour    |    30 |    32 |       |       ||    62
       Chain mail        |       |     2 |   253 |   296 ||   551
Dodge: Dodged            |    66 |   111 |   235 |   395 ||   807
       Rpst.: Long sword |    24 |    42 |    72 |     8 ||   146
       Great sword       |       |       |       |    93 ||    93
